TOP OF THE 1ST |
District 9 Prawns batting - Pitching for Lansing Lugnuts : RHP Enrique Valdés
|
Pitching: RHP Enrique Valdés
|
|
Batting: RHB Félix Sánchez
|
0-0: Ball 1-0: Ball 2-0: Ball 3-0: Base on Balls
|
Batting: SHB Mark Pope
|
0-0: Ball 1-0: Swinging Strike 1-1: Foul Ball, location: 2F 1-2: Grounds into double play, 4-6-3 (Groundball, 34)
|
Batting: LHB Leonard Harvey
|
0-0: Ball 1-0: Called Strike 1-1: Ball 2-1: Called Strike 2-2: Ground out 4-3 (Groundball, 4)
|
Top of the 1st over - 0 run(s), 0 hit(s), 0 error(s), 0 left on base; District 9 0 - Lansing 0 |
BOTTOM OF THE 1ST |
Lansing Lugnuts batting - Pitching for District 9 Prawns : RHP Mike Stabler
|
Pitching: RHP Mike Stabler
|
|
Batting: RHB Kun Liu
|
0-0: Called Strike 0-1: Ball 1-1: Called Strike 1-2: Ball 2-2: Strikes out swinging
|
Batting: RHB Wilson Gómez
|
0-0: Called Strike 0-1: Ball 1-1: Ball 2-1: Foul Ball, location: 2F 2-2: Ground out 4-3 (Groundball, 4)
|
Batting: LHB Tom Mullins
|
0-0: Ground out 4-3 (Groundball, 4)
|
Bottom of the 1st over - 0 run(s), 0 hit(s), 0 error(s), 0 left on base; District 9 0 - Lansing 0 |
TOP OF THE 2ND |
District 9 Prawns batting - Pitching for Lansing Lugnuts : RHP Enrique Valdés
|
Batting: RHB Jesús Cruz
|
0-0: Foul Ball, location: 2F 0-1: Ball 1-1: Ball 2-1: Foul Ball, location: 2F 2-2: Strikes out looking
|
Batting: RHB Lateef Makini
|
0-0: Called Strike 0-1: Ball 1-1: Foul Ball, location: 2F 1-2: Ball 2-2: Strikes out swinging
|
Batting: RHB Brian Jackson
|
0-0: Foul Ball, location: 2F 0-1: Foul Ball, location: 2F 0-2: Strikes out swinging
|
Top of the 2nd over - 0 run(s), 0 hit(s), 0 error(s), 0 left on base; District 9 0 - Lansing 0 |
BOTTOM OF THE 2ND |
Lansing Lugnuts batting - Pitching for District 9 Prawns : RHP Mike Stabler
|
Batting: RHB Billy Campbell
|
0-0: Ball 1-0: Ball 2-0: Fly out, F5 (Popup, 25)
|
Batting: LHB Sam Barnes
|
0-0: Ball 1-0: Ball 2-0: Ball 3-0: Called Strike 3-1: Base on Balls
|
Batting: RHB Sadao Kimura
|
0-0: Ball 1-0: Grounds into double play, 6-4-3 (Groundball, 6M)
|
Bottom of the 2nd over - 0 run(s), 0 hit(s), 0 error(s), 0 left on base; District 9 0 - Lansing 0 |
TOP OF THE 3RD |
District 9 Prawns batting - Pitching for Lansing Lugnuts : RHP Enrique Valdés
|
Batting: SHB Tommy Bourassa
|
0-0: Ball 1-0: Foul Ball, location: 2F 1-1: SOLO HOME RUN (Flyball, 9LD), Distance : 361 ft
|
Batting: RHB Lúcio García
|
0-0: Ball 1-0: Ball 2-0: Foul Ball, location: 2F 2-1: Foul Ball, location: 2F 2-2: Foul Ball, location: 2F 2-2: Ball 3-2: Base on Balls
|
Batting: RHB Tony Guzmán
|
0-0: Called Strike Lúcio García is caught stealing 2nd base 0-1: Ball 1-1: Ball 2-1: Ball 3-1: Called Strike 3-2: Strikes out looking
|
Batting: RHB Félix Sánchez
|
0-0: Ball 1-0: Ball 2-0: Called Strike 2-1: Foul Ball, location: 2F 2-2: SINGLE (Line Drive, 34D)
|
Batting: SHB Mark Pope
|
0-0: Called Strike Félix Sánchez steals 2nd base 0-1: Ball 1-1: Ground out 3-6 (Groundball, 3L)
|
Top of the 3rd over - 1 run(s), 2 hit(s), 0 error(s), 1 left on base; District 9 1 - Lansing 0 |
BOTTOM OF THE 3RD |
Lansing Lugnuts batting - Pitching for District 9 Prawns : RHP Mike Stabler
|
Batting: RHB Lu-fang Huie
|
0-0: DOUBLE (Flyball, 89XD)
|
Batting: RHB Steve Garneys
|
0-0: Called Strike 0-1: Ball 1-1: Ball 2-1: Swinging Strike 2-2: Ground out 6-3 (Groundball, 6)
|
Batting: LHB Alberto Medine
|
0-0: Ball 1-0: Foul Ball, location: 2F 1-1: Foul Ball, location: 2F 1-2: Foul Ball, location: 2F 1-2: Strikes out swinging
|
Batting: RHB Kun Liu
|
0-0: Ball 1-0: Foul Ball, location: 2F 1-1: Reached on error, E5 (Groundball, 5S) Lu-fang Huie scores
|
Batting: RHB Wilson Gómez
|
0-0: Called Strike 0-1: Ball 1-1: Fly out, F6 (Line Drive, 6)
|
Bottom of the 3rd over - 1 run(s), 1 hit(s), 1 error(s), 1 left on base; District 9 1 - Lansing 1 |
TOP OF THE 4TH |
District 9 Prawns batting - Pitching for Lansing Lugnuts : RHP Enrique Valdés
|
Batting: LHB Leonard Harvey
|
0-0: Ball 1-0: Ball 2-0: Called Strike 2-1: Ball 3-1: Base on Balls
|
Batting: RHB Jesús Cruz
|
0-0: Swinging Strike 0-1: Called Strike 0-2: Ball 1-2: Strikes out swinging
|
Batting: RHB Lateef Makini
|
0-0: Called Strike 0-1: Swinging Strike 0-2: Ball 1-2: Ball 2-2: Ball 3-2: Grounds into double play, 4-6-3 (Groundball, 4)
|
Top of the 4th over - 0 run(s), 0 hit(s), 0 error(s), 0 left on base; District 9 1 - Lansing 1 |
BOTTOM OF THE 4TH |
Lansing Lugnuts batting - Pitching for District 9 Prawns : RHP Mike Stabler
|
Batting: LHB Tom Mullins
|
0-0: Ball 1-0: Ground out 3-1 (Groundball, 34)
|
Batting: RHB Billy Campbell
|
0-0: Fly out, F7 (Line Drive, 7D)
|
Batting: LHB Sam Barnes
|
0-0: Fly out, F8 (Flyball, 8RS)
|
Bottom of the 4th over - 0 run(s), 0 hit(s), 0 error(s), 0 left on base; District 9 1 - Lansing 1 |
TOP OF THE 5TH |
District 9 Prawns batting - Pitching for Lansing Lugnuts : RHP Enrique Valdés
|
Batting: RHB Brian Jackson
|
0-0: Swinging Strike 0-1: Called Strike 0-2: Ball 1-2: Strikes out looking
|
Batting: SHB Tommy Bourassa
|
0-0: Ball 1-0: Fly out, F8 (Flyball, 8RS)
|
Batting: RHB Lúcio García
|
0-0: Ball 1-0: Foul Ball, location: 2F 1-1: Swinging Strike 1-2: Fly out, F6 (Popup, 6MS)
|
Top of the 5th over - 0 run(s), 0 hit(s), 0 error(s), 0 left on base; District 9 1 - Lansing 1 |
BOTTOM OF THE 5TH |
Lansing Lugnuts batting - Pitching for District 9 Prawns : RHP Mike Stabler
|
Batting: RHB Sadao Kimura
|
0-0: Ball 1-0: Ball 2-0: Foul Ball, location: 2F 2-1: Foul Ball, location: 2F 2-2: Fly out, F7 (Line Drive, 7S)
|
Batting: RHB Lu-fang Huie
|
0-0: DOUBLE (Flyball, 8LXD)
|
Batting: RHB Steve Garneys
|
0-0: SINGLE (Line Drive, 9LS) Lu-fang Huie to third Runner from 3rd tries for Home, SAFE, no throw or cutoff
|
Batting: LHB Alberto Medine
|
0-0: Ball 1-0: Ground out 3-1 (Groundball, 34) Steve Garneys to second
|
Batting: RHB Kun Liu
|
0-0: Ball 1-0: Ball 2-0: Ball 3-0: Base on Balls
|
Batting: RHB Wilson Gómez
|
0-0: Ball 1-0: Ball 2-0: Ball 3-0: Called Strike 3-1: Foul Ball, location: 2F Single, Error in OF, E7, batter to second base Steve Garneys scores Kun Liu to third
|
Batting: LHB Tom Mullins
|
0-0: Called Strike 0-1: Called Strike 0-2: Ball 1-2: Ball 2-2: Ball 3-2: Base on Balls
|
Batting: RHB Billy Campbell
|
0-0: Foul Ball, location: 2F 0-1: Ball 1-1: Ball 2-1: Foul Ball, location: 2F 2-2: Strikes out swinging
|
Bottom of the 5th over - 2 run(s), 3 hit(s), 1 error(s), 3 left on base; District 9 1 - Lansing 3 |
TOP OF THE 6TH |
District 9 Prawns batting - Pitching for Lansing Lugnuts : RHP Enrique Valdés
|
Batting: RHB Tony Guzmán
|
0-0: Ball 1-0: Hit by Pitch
|
Batting: RHB Félix Sánchez
|
0-0: Fly out, F8 (Flyball, 8RM)
|
Batting: SHB Mark Pope
|
0-0: Ball 1-0: Ball 2-0: Ball 3-0: Called Strike 3-1: Base on Balls Tony Guzmán to second
|
Batting: LHB Leonard Harvey
|
0-0: Swinging Strike 0-1: Swinging Strike 0-2: Ball 1-2: Fly out, F7 (Flyball, 78S)
|
Batting: RHB Jesús Cruz
|
0-0: SINGLE (Groundball, 4M) Tony Guzmán to third Mark Pope to second Runner from 3rd tries for Home, SAFE, throw made home Mark Pope to third Jesús Cruz to second
|
Batting: RHB Lateef Makini
|
0-0: Called Strike 0-1: Swinging Strike 0-2: Ball 1-2: Foul Ball, location: 2F 1-2: Foul Ball, location: 2F 1-2: Strikes out looking
|
Top of the 6th over - 1 run(s), 1 hit(s), 0 error(s), 2 left on base; District 9 2 - Lansing 3 |
BOTTOM OF THE 6TH |
Lansing Lugnuts batting - Pitching for District 9 Prawns : RHP Mike Stabler
|
Batting: LHB Sam Barnes
|
0-0: Ground out 4-3 (Groundball, 34)
|
Batting: RHB Sadao Kimura
|
0-0: Ball 1-0: Ball 2-0: Ball 3-0: Called Strike 3-1: Base on Balls
|
Batting: RHB Lu-fang Huie
|
0-0: Ball 1-0: Ball 2-0: Ball 3-0: Base on Balls Sadao Kimura to second
|
Pitching: RHP Eduardo Delgado
|
|
Batting: RHB Steve Garneys
|
0-0: Called Strike 0-1: Ball 1-1: Foul Ball, location: 2F 1-2: Ball 2-2: Foul Ball, location: 2F 2-2: Foul Ball, location: 2F 2-2: Foul Ball, location: 2F 2-2: Ball 3-2: Strikes out looking
|
Batting: LHB Alberto Medine
|
0-0: Ball 1-0: Called Strike 1-1: Foul Ball, location: 2F 1-2: Strikes out swinging
|
Bottom of the 6th over - 0 run(s), 0 hit(s), 0 error(s), 2 left on base; District 9 2 - Lansing 3 |
TOP OF THE 7TH |
District 9 Prawns batting - Pitching for Lansing Lugnuts : RHP Enrique Valdés
|
Pitching: RHP Asher Zasko
|
|
Batting: RHB Brian Jackson
|
0-0: Ball 1-0: SINGLE (Line Drive, 6M)
|
Batting: SHB Tommy Bourassa
|
0-0: Sac Bunt - play at first, batter OUT! 1-4 Brian Jackson to second
|
Pinch Hitting: LHB Leonard Young
|
0-0: Foul Ball, location: 2F 0-1: Ball 1-1: Called Strike 1-2: Ball 2-2: Foul Ball, location: 2F 2-2: Strikes out swinging
|
Pinch Hitting: RHB Mal Snyder
|
0-0: Ball 1-0: Foul Ball, location: 2F 1-1: Swinging Strike 1-2: Foul Ball, location: 2F 1-2: Foul Ball, location: 2F 1-2: Ground out 5-3 (Groundball, 5L)
|
Top of the 7th over - 0 run(s), 1 hit(s), 0 error(s), 1 left on base; District 9 2 - Lansing 3 |
BOTTOM OF THE 7TH |
Lansing Lugnuts batting - Pitching for District 9 Prawns : RHP Eduardo Delgado
|
Now at 1B: Mal Snyder
|
|
Now in LF: Eddie Shirley
|
|
Batting: RHB Kun Liu
|
0-0: Ground out 5-3 (Groundball, 5L)
|
Batting: RHB Wilson Gómez
|
0-0: Ball 1-0: Ball 2-0: Called Strike 2-1: Swinging Strike 2-2: Foul Ball, location: 2F 2-2: Foul Ball, location: 2F 2-2: Ball 3-2: Foul Ball, location: 2F 3-2: Foul Ball, location: 2F 3-2: Ground out 5-3 (Groundball, 56)
|
Batting: LHB Tom Mullins
|
0-0: Ball 1-0: Ball 2-0: Foul Ball, location: 2F 2-1: Ball 3-1: Base on Balls
|
Batting: RHB Billy Campbell
|
0-0: Foul Ball, location: 2F 0-1: Ball 1-1: Swinging Strike 1-2: Ground out 5-3 (Groundball, 56S)
|
Bottom of the 7th over - 0 run(s), 0 hit(s), 0 error(s), 1 left on base; District 9 2 - Lansing 3 |
TOP OF THE 8TH |
District 9 Prawns batting - Pitching for Lansing Lugnuts : RHP Asher Zasko
|
Pitching: RHP Alberto Márquez
|
|
Batting: RHB Félix Sánchez
|
0-0: Called Strike 0-1: Swinging Strike 0-2: Strikes out swinging
|
Pitching: RHP Kosami Tagawa
|
|
Batting: SHB Mark Pope
|
0-0: Called Strike 0-1: Foul Ball, location: 2F 0-2: Foul Ball, location: 2F 0-2: Ground out 6-3 (Groundball, 6M)
|
Batting: LHB Leonard Harvey
|
0-0: Ball 1-0: Foul Ball, location: 2F 1-1: Ball 2-1: Ball 3-1: Fly out, F8 (Flyball, 8RM)
|
Top of the 8th over - 0 run(s), 0 hit(s), 0 error(s), 0 left on base; District 9 2 - Lansing 3 |
BOTTOM OF THE 8TH |
Lansing Lugnuts batting - Pitching for District 9 Prawns : RHP Eduardo Delgado
|
Batting: LHB Sam Barnes
|
0-0: Ball 1-0: Called Strike 1-1: Ball 2-1: Called Strike 2-2: Ground out 4-3 (Groundball, 4M)
|
Pitching: RHP Johnathan McJannett
|
|
Batting: RHB Sadao Kimura
|
0-0: Fly out, F7 (Line Drive, 78M)
|
Batting: RHB Lu-fang Huie
|
0-0: Called Strike 0-1: Ball 1-1: Swinging Strike 1-2: Ball 2-2: Foul Ball, location: 2F 2-2: Foul Ball, location: 2F 2-2: TRIPLE (Flyball, 89XD)
|
Batting: RHB Steve Garneys
|
0-0: Ball 1-0: Foul Ball, location: 2F 1-1: Swinging Strike 1-2: Foul Ball, location: 2F 1-2: Foul Ball, location: 2F 1-2: Hit by Pitch
|
Batting: LHB Alberto Medine
|
0-0: Ball 1-0: Foul Ball, location: 2F 1-1: Foul Ball, location: 2F 1-2: Strikes out swinging
|
Bottom of the 8th over - 0 run(s), 1 hit(s), 0 error(s), 2 left on base; District 9 2 - Lansing 3 |
TOP OF THE 9TH |
District 9 Prawns batting - Pitching for Lansing Lugnuts : RHP Kosami Tagawa
|
Pitching: RHP Jesús Sosa
|
|
Batting: RHB Jesús Cruz
|
0-0: Foul Ball, location: 2F 0-1: Called Strike 0-2: Ball 1-2: Fly out, F7 (Line Drive, 78M)
|
Batting: RHB Lateef Makini
|
0-0: Called Strike 0-1: Ball 1-1: Ground out 2-3 (Groundball, 25)
|
Batting: RHB Brian Jackson
|
0-0: Called Strike 0-1: Foul Ball, location: 2F 0-2: Foul Ball, location: 2F 0-2: SINGLE (Groundball, 6MD)
|
Batting: SHB Tommy Bourassa
|
0-0: Foul Ball, location: 2F 0-1: Ball 1-1: Ball 2-1: Foul Ball, location: 2F 2-2: Ground out 3-1 (Groundball, 34)
|
Top of the 9th over - 0 run(s), 1 hit(s), 0 error(s), 1 left on base; District 9 2 - Lansing 3 |
|